 Dungeon Crawl Stone Soup version 0.26.1-11-gd32895ea62 (webtiles) character file.

Game seed: 7825351789421015124

20 buriedalive the Chiller (level 2, 0/15 HPs)
             Began as a Deep Elf Ice Elementalist on May 21, 2021.
             Slain by a bullfrog skeleton (5 damage)
             ... on level 4 of the Dungeon.
             The game lasted 00:01:52 (606 turns).

buriedalive the Chiller (Deep Elf Ice Elementalist)  Turns: 606, Time: 00:01:53

Health: 0/15       AC:  2    Str:  5    XL:     2   Next: 58%
Magic:  8/8        EV: 13    Int: 19    God:
Gold:   86         SH:  0    Dex: 15    Spells: 7/8 levels left

rFire    . . .     SeeInvis .   o - +0 dagger
rCold    . . .     Faith    .   (no shield)
rNeg     . . .     Spirit   .   a - +0 robe
rPois    .         Reflect  .   (no helmet)
rElec    .         Harm     .   (no cloak)
rCorr    .         Rampage  .   (no gloves)
Will     .....                  (no boots)
Stlth    ++........             (no amulet)
HPRegen  0.05/turn              (no ring)
MPRegen  0.11/turn              (no ring)

@: no status effects
A: no striking features
a: no special abilities


You were on level 4 of the Dungeon.
You visited 1 branch of the dungeon, and saw 3 of its levels.

You collected 86 gold pieces.

Inventory:

Hand Weapons
 o - a +0 dagger (weapon)
Missiles
 d - 59 stones
Armour
 a - a +0 robe (worn)
Jewellery
 n - an uncursed amulet of faith
Scrolls
 c - a scroll of teleportation
 f - a scroll of identify
 h - a scroll of magic mapping {unknown}
 l - 2 scrolls of amnesia {unknown}
Potions
 b - a potion of attraction {unknown}
 g - a potion of brilliance {unknown}
 i - a potion of ambrosia {unknown}
 j - a potion of lignification {unknown}
 k - a potion of heal wounds {unknown}
 m - a potion of curing {unknown}


   Skills:
 + Level 3.0 Dodging
 - Level 2.4 Stealth
 + Level 3.5 Spellcasting
 + Level 4.7 Ice Magic


You had 7 spell levels left.
You knew the following spells:

 Your Spells              Type           Power        Failure   Level
a - Freeze                Ice            84%          1%          1

Your spell library contained the following spells:

 Spells                   Type           Power        Failure   Level
 Frozen Ramparts          Ice            42%          6%          3
 Ozocubu's Armour         Ice            21%          6%          3
 Hailstorm                Conj/Ice       12%          50%         4
 Summon Ice Beast         Ice/Summ       12%          50%         4


Dungeon Overview and Level Annotations

Branches:
Dungeon (2/15)

Altars:


Message History

Unknown command.
The bullfrog skeleton hits you.
You hit the bullfrog skeleton.
The bullfrog skeleton is lightly damaged.
The bullfrog skeleton closely misses you.
The bullfrog skeleton barely misses you.
You barely miss the bullfrog skeleton.
The bullfrog skeleton is lightly damaged.
The bullfrog skeleton hits you.
You hit the bullfrog skeleton.
The bullfrog skeleton is lightly damaged.
The bullfrog skeleton closely misses you.
You barely miss the bullfrog skeleton.
The bullfrog skeleton is lightly damaged.
The bullfrog skeleton closely misses you.
The bullfrog skeleton hits you but does no damage.
You hit the bullfrog skeleton.
The bullfrog skeleton is moderately damaged.
The bullfrog skeleton hits you.
You die...

###########
#..........
#o#.....?..
#@#........
#Z#........
#.#....o...
..#........
###........
.........
#######+#


You could see an orc and a bullfrog skeleton.

Vanquished Creatures
  A dart slug (D:1)
  A leopard gecko (D:1)
  A hobgoblin (D:1)
  3 kobolds
  9 bats (D:1)
  3 frilled lizards
18 creatures vanquished.

Notes
Turn   | Place    | Note
-------+----------+-------------------------------------------
     0 | D:1      | buriedalive the Deep Elf Ice Elementalist began the quest
                  | for the Orb.
     0 | D:1      | Reached XP level 1. HP: 10/10 MP: 6/6
   222 | D:1      | Reached XP level 2. HP: 12/15 MP: 5/8
   538 | D:1      | You fall into a shaft and drop 1 floor!
   598 | D:2      | You fall into a shaft and drop 2 floors!
   606 | D:4      | Slain by a bullfrog skeleton

Illustrated notes

Levels and vault maps discovered:
D:1:      scummos_arrival_checkerplants, layout_loops_ring, due_unseen_surprise
D:2:      layout_basic, minmay_goblin_kobold_house
D:4:      layout_basic, minmay_temple_entry_overgrown, serial_shops, shop,
          uniq_menkaure, uniq_blork_the_orc, uniq_natasha,
          uniq_crazy_yiuf_cottage

Skill      XL: |  1  2 |
---------------+-------+-----
Dodging        | 3 |  3.0
Stealth        | |  2.4
Spellcasting   | |  3.5
Ice Magic      | |  4.7

Action                   || total
-------------------------++-------
Melee: Unarmed           ||    12
       Dagger            ||     7
 Cast: Freeze            ||    19
  Use: Scroll            ||     3
 Stab: Sleeping          ||     5
Armor: Robe              ||    12
Dodge: Dodged            ||    21
